 Zot Defence DCSS version 0.15.2 (webtiles) character file.

316 aronpayne the Skirmisher (level 6, -21/56 HPs)
             Began as a Hill Orc Fighter on Oct 1, 2016.
             Killed by an exploding giant spore (27 damage)
             ... summoned by the player character
             ... set off by their pet
             ... in the Realm of Zot (Scenario I: Hall of Zot).
             The game lasted 00:08:07 (628 turns).

aronpayne the Skirmisher (Hill Orc Fighter)          Turns: 628, Time: 00:08:08

HP -21/56        AC  7     Str 21      XL: 6   Next: 44%
MP   6/6         EV  7     Int  8      God:
Gold 0           SH  0     Dex 10      Spells:  0 memorised,  5 levels left

rFire  . . .     SeeInvis .     a - +0 long sword
rCold  . . .     Clarity  .     b - +0 scale mail
rNeg   . . .     rCorr    .     c - +0 shield
rPois  .         rRot     .     (no helmet)
rElec  .         Spirit   .     (no cloak)
SustAb .         Warding  .     (no gloves)
rMut   .         Stasis   .     (no boots)
Gourm  .                        (no amulet)
MR     .....                    (no ring)
                                (no ring)

@: confused, lethally poisoned, not resistant to hostile enchantments, extremely
unstealthy
A: no striking features
a: Make oklob sapling, Make arrow trap, Make plant, Remove Curse, Make burning
bush, Make altar, Make grenades


You were in the Realm of Zot.
You were not hungry.

You visited 1 branch

Inventory:

Hand weapons
 a - a +0 long sword (weapon)
Armour
 b - a +0 scale mail (worn)
 c - a +0 shield (worn)
Comestibles
 f - a meat ration
Scrolls
 k - a scroll of blinking
Potions
 d - 3 potions of curing
 e - a potion of might
 h - a potion of haste
 i - 2 potions of magic
 j - a potion of berserk rage


   Skills:
 + Level 5.1 Fighting
 + Level 3.5 Long Blades
 + Level 4.9 Armour
 + Level 0.7 Dodging
 + Level 4.9 Shields


You had 5 spell levels left.
You didn't know any spells.

Dungeon Overview and Level Annotations

Branches:
    Zot (1/1)

Altars:


Message History

The hound bites you but does no damage.
You barely miss the quokka.
The quokka is lightly wounded.
You feel sick.
Your giant spore explodes!
The explosion of spores engulfs your oklob sapling.
Your oklob sapling is destroyed!
The hound appears confused.
The explosion of spores engulfs the hound.
The hound dies!
The explosion of spores engulfs you!
You are confused.
Ouch! That really hurt!
* * * LOW HITPOINT WARNING * * *
The explosion of spores engulfs your giant spore.
Your giant spore explodes!
The explosion of spores engulfs your oklob sapling.
The explosion of spores engulfs you!
You are more confused.
You die...

▓▓▓▓▓▓▓▓ ▓▓▓▓▓▓▓▓ ....▓▓▓▓
▓▓▓▓.... .......▓▓▓ ▓▓▓.......
.........▓▓ ▓▓.........
..........▓ ▓▓▓▓▓▓▓▓▓ ▓..........
..........▓▓▓.......▓▓▓..........
..........▓▓....P....▓▓..........
..........▓..SSP.%....▓..........
..........l%)rrh@)(.).^..........
.........)▓....r......▓).........
..........▓▓...S.....▓▓..........
..........▓▓▓.......▓▓▓..........
..........# ▓▓▓▓▓▓▓▓▓ #..........
.........## ##.........
.......### ###....... ....####
####.... ######### #########


You could see an iguana, a hound, 3 adders, a green rat, 2 quokkas and 2
friendly oklob saplings.

Vanquished Creatures
  2 giant frogs (Zot)
  An adder (Zot)
  An ooze (Zot)
  2 giant cockroaches (Zot)
  A quokka (Zot)
  A bat (Zot)
  2 goblins (Zot)
  2 kobolds (Zot)
12 creatures vanquished.

Vanquished Creatures (collateral kills)
  An oklob sapling (Zot)
  A crimson imp (Zot)
  A hound (Zot)
  2 ball pythons (Zot)
  2 bats (Zot)
  A giant cockroach (Zot)
  2 goblins (Zot)
  6 kobolds (Zot)
  3 rats (Zot)
19 creatures vanquished.

Vanquished Creatures (others)
  2 goblins (Zot)
  A kobold (Zot)
  3 rats (Zot)
6 creatures vanquished.

Grand Total: 37 creatures vanquished

Notes
Turn   | Place    | Note
--------------------------------------------------------------
     0 | Zot      | aronpayne, the Hill Orc Fighter, began the quest for the Orb.
     0 | Zot      | Reached XP level 1. HP: 19/19 MP: 1/1
   222 | Zot      | Reached XP level 2. HP: 20/27 MP: 2/2
   224 | Zot      | Noticed Brevidis
   227 | Zot      | Reached skill level 4 in Fighting
   230 | Zot      | Killed Brevidis the giant frog
   230 | Zot      | Reached XP level 3. HP: 24/34 MP: 3/3
   230 | Zot      | Reached XP level 4. HP: 28/41 MP: 4/4
   230 | Zot      | Reached XP level 5. HP: 32/47 MP: 5/5
   436 | Zot      | Reached skill level 5 in Fighting
   436 | Zot      | Reached XP level 6. HP: 52/56 MP: 6/6
   628 | Zot      | Killed by an exploding giant spore... set off by their pet

Action                   |  1- 3 |  4- 6 || total
-------------------------+-------+-------++-------
Melee: Long sword        |    12 |    26 ||    38
 Abil: Make oklob saplin |     1 |     2 ||     3
       Make arrow trap   |       |     2 ||     2
       Make grenades     |       |     1 ||     1
  Use: Potion            |     1 |       ||     1
